 Dungeon Crawl Stone Soup version 0.28.0-43-g3370ac3207 (webtiles) character file.

Game seed: 15086396857831524147

151 experimilk the Caller (level 5, 37/37 HPs)
             Began as a Palentonga Hedge Wizard on Mar 17, 2022.
             Got out of the dungeon alive.
             The game lasted 00:17:44 (4994 turns).

experimilk the Caller (Palentonga Hedge Wizard)     Turns: 4994, Time: 00:17:44

Health: 37/37      AC:  5    Str: 12 (13) XL:     5   Next: 11%
Magic:  9/9        EV:  9    Int: 15 (16) God:
Gold:   139        SH:  0    Dex:  9 (10) Spells: 2/10 levels left

rFire   . . .      SeeInvis +   g - +1 dagger (venom)
rCold   . . .      Faith    .   (no shield)
rNeg    . . .      Spirit   .   b - +0 robe
rPois   .          Reflect  .   c - +0 hat
rElec   .          Harm     .   d - +0 cloak
rCorr   .          Rampage  .   (no gloves)
Will    .....                   (no barding)
Stlth   +.........              (no amulet)
HPRegen 0.12/turn               (no ring)
MPRegen 0.11/turn               (no ring)

@: no status effects
A: large, rugged brown scales 3, see invisible, deformed body, roll 1, armoured
tail
a: Rolling Charge


You escaped.
You visited 1 branch of the dungeon, and saw 3 of its levels.

You collected 139 gold pieces.

Inventory:

Hand Weapons
 a - a +0 dagger
 g - a +1 dagger of venom (weapon)
Armour
 b - a +0 robe (worn)
 c - a +0 hat (worn)
 d - a +0 cloak (worn)
Jewellery
 i - a ring of ice
Wands
 k - a wand of flame (12)
Scrolls
 h - a scroll of vulnerability {unknown}
 j - a scroll of torment {unknown}
 m - a scroll of enchant armour {unknown}
 o - a scroll of silence {unknown}
Potions
 e - a potion of brilliance
 f - a potion of flight
 l - a potion of might {unknown}
 n - 2 potions of heal wounds {unknown}


   Skills:
 - Level 1.5 Dodging
 - Level 1.2 Stealth
 - Level 3.0 Spellcasting
 - Level 2.9 Conjurations
 + Level 3.2 Summonings
 - Level 1.0 Translocations


You had 2 spell levels left.
You knew the following spells:

 Your Spells              Type           Power      Damage    Failure   Level
a - Magic Dart            Conj           40%        1d5       6%          1
b - Call Imp              Summ           11%        N/A       9%          2
c - Blink                 Tloc           10%        N/A       21%         2
d - Conjure Flame         Conj/Fire      6%         6-21      32%         3

Your spell library contained the following spells:

 Spells                   Type           Power      Damage    Failure   Level
 Slow                     Hex            8%         N/A       21%         1
 Sublimation of Blood     Necr           2%         N/A       30%         2
 Wereblood                Tmut           2%         N/A       30%         2
 Mephitic Cloud           Conj/Pois/Air  5%         N/A       38%         3
 Summon Hydra             Summ           5%         N/A       100%        7


Dungeon Overview and Level Annotations

Branches:
Dungeon (3/15)

Altars:
Ashenzari
Ru
Uskayaw
Yredelemnul

Shops:
D:3 *

Portals:
Abyss: D:3

Annotations:
D:3 2 transporters, issech's ghost, amateur TrMo


Innate Abilities, Weirdness & Mutations

You are completely covered in rugged brown scales. (AC +3, +7% HP)
You have supernaturally acute eyesight. (SInv)
Armour fits poorly on your strangely shaped body.
You can roll at nearby foes to attack.
You have a long armoured tail.


Message History

There is a large open door here.
There is a large open door here.
Things that are here:
a +0 short sword; 5 stones A goblin comes into view.
It is wielding a +0 dagger.
A goblin is nearby!
Casting: Magic Dart (safe; 6% risk of failure)
Confirm with . or Enter, or press ? or * to list all spells.
Aiming: Magic Dart (safe; 6% risk of failure)
Press: ? - help, Shift-Dir - straight line, f - goblin
Aim: a goblin, wielding a +0 dagger (asleep, 100% to hit)
The magic dart hits the goblin.
You kill the goblin!
Casting: Magic Dart (safe; 6% risk of failure)
Confirm with . or Enter, or press ? or * to list all spells.
You can't see any susceptible monsters within range! (Use Z to cast anyway.) Unknown command.
This spell is quite dangerous to cast!
Memorise Conjure Flame, consuming 3 spell levels and leaving 2?
You start memorising the spell.
You continue memorising. x3
You finish memorising.
Spell assigned to 'd'.
Unknown command.
Level annotation: 2 transporters, issech's ghost, amateur TrMo Welcome back, experimilk the Palentonga Hedge Wizard.
Press ? for a list of commands and other information.
(D) Dungeon
Where to? (? - help)
What level of the Dungeon? (default 1, ? - help) Magic restored.
There is a stone staircase leading up here.
You climb upwards.
There is a stone staircase leading down here.
There is a stone staircase leading up here.
You climb upwards.
There is a stone staircase leading down here.
There is an open door here.
There is an open door here.
There is a staircase leading out of the dungeon here.
Are you sure you want to leave the Dungeon?
This will make you lose the game!
You have escaped!

.# #≈≈≈≈≈≈≈≈≈.....≈≈≈≈≈≈≈≈≈#.###
.# #≈≈≈≈≈≈≈≈≈≈≈.≈≈≈≈≈≈≈≈≈≈≈#.# .#
#≈♣♣.♣PPP♣P≈.≈♣PP♣♣♣♣PP≈#.# .#
#≈♣P♣♣PP.♣♣≈.≈.P♣♣♣.♣P♣≈#.### .#
#≈≈≈≈≈≈≈≈≈≈≈.≈≈≈≈≈≈≈≈≈≈≈#.#..
################'############.#.#
..........#..#.....#.............
###..........#.....#.#.########.#
##...........#..@..#.#........#.#
##..#........#######)########.#.#
##..#.........................#.#
##..#.###.###.####.############.#
##..#.# #.....# ##..##........#.#
#..#.###########...#########.#.#
##......# #.###.....## #.#.#
...##+#.####.##.......## #.#.#
...........#.#...^.....# #.#.#


There were no monsters in sight!

Vanquished Creatures
  4 adders
  A worm (D:1)
  6 dart slugs
  5 endoplasms
  4 giant cockroaches
  9 goblins
  7 hobgoblins
  2 jackals
  6 quokkas
  5 ball pythons
  5 bats
  3 frilled lizards
  5 kobolds
  3 rats
65 creatures vanquished.

Vanquished Creatures (collateral kills)
  Ijyb (D:3)
  A worm (D:2)
  A goblin (D:2)
  2 rats
5 creatures vanquished.

Vanquished Creatures (others)
  A plant (D:1)
1 creature vanquished.

Grand Total: 71 creatures vanquished

Notes
Turn   | Place    | Note
-------+----------+-------------------------------------------
     0 | D:1      | experimilk the Palentonga Hedge Wizard began the quest for
                  | the Orb.
     0 | D:1      | Reached XP level 1. HP: 13/13 MP: 4/4
    93 | D:1      | Reached skill level 1 in Conjurations
   416 | D:1      | Reached XP level 2. HP: 18/20 MP: 0/6
   855 | D:1      | Learned a level 2 spell: Call Imp
  1167 | D:1      | Reached XP level 3. HP: 19/25 MP: 0/7
  1446 | D:1      | Learned a level 2 spell: Blink
  1719 | D:1      | Reached skill level 1 in Summonings
  2113 | D:2      | Found a basalt altar of Yredelemnul.
  2281 | D:2      | Reached XP level 4. HP: 32/32 MP: 0/8
  2382 | D:2      | Found a faded altar of an unknown god.
  3393 | D:3      | Found a one-way gate to the infinite horrors of the Abyss.
  3393 | D:3      | Noticed issech's ghost (amateur TrMo)
  3763 | D:3      | Noticed Ijyb
  3787 | D:3      | Killed Ijyb
  3788 | D:3      | Reached XP level 5. HP: 4/37 MP: 1/9
  4529 | D:3      | Found a broken altar of Ashenzari.
  4592 | D:3      | Found Etaasch's Assorted Antiques.
  4609 | D:3      | Found a sacrificial altar of Ru.
  4688 | D:3      | Found a hide-covered altar of Uskayaw.
  4757 | D:3      | Found a transporter.
  4775 | D:3      | Found a transporter.
  4929 | D:3      | Learned a level 3 spell: Conjure Flame
  4994 | D:$      | Got out of the dungeon alive.

Illustrated notes

Levels and vault maps discovered:
D:1:      lightli_arrival_farm, layout_basic, nicolae_wormholes
D:2:      minmay_door_path, layout_loops_corners, basic_ecumenical_altar,
          basic_altar
D:3:      layout_basic, mainiacjoe_overflow_divided_tiny, ashenzari_altar_1,
          gammafunk_ghost_abyssal_escape, serial_shops, shop, uniq_ijyb

Skill      XL: |  1  2  3  4 |
---------------+-------------+-----
Conjurations   | 2 |  2.9
Summonings     | 2 3 |  3.2
Dodging        | |  1.5
Stealth        | |  1.2
Spellcasting   | |  3.0
Translocations | |  1.0

Action                   |  1- 3 |  4- 6 || total
-------------------------+-------+-------++-------
Melee: Dagger            |    70 |    24 ||    94
       Tailslap          |    10 |     5 ||    15
       Punch             |     2 |       ||     2
 Cast: Magic Dart        |    66 |    56 ||   122
       Call Imp          |     2 |     9 ||    11
 Abil: Rolling Charge    |     6 |     2 ||     8
  Use: Scroll            |     2 |     2 ||     4
       Potion            |       |     3 ||     3
Armor: Robe              |    31 |    11 ||    42
Dodge: Dodged            |    32 |    25 ||    57
